Reakly loses before brumbar but is upset by it

Match 26473264
End
Pioneer Squad
Construct Infanterie Kompanie
Grenadier Squad
Grenadier Squad
Grenadier Squad
Construct Panzergrenadier Kompanie
Panzergrenadier Squad
Selects Luftwaffe Battlegroup
Selects Luftwaffe Pioneer Support
Selects LG40 Recoilless Gun Paradrop
LG40 Recoilless Gun Paradrop
Panzergrenadier Squad
Construct Panzer Kompanie
Pak 40 Anti-tank Gun Team
Selects Infantry Reserves
Stoßtruppen Squad
Selects Reconnaissance Run
Selects Fallschirmjäger Squad Paradrop
Sturmpanzer IV Brummbär
Selects Stuka Loiter
Pioneer Squad
Pak 40 Anti-tank Gun Team
nub
Reakly
0
0

Comments sign in to comment!

No comments posted yet!